 Dungeon Crawl Stone Soup version 0.23.2-1-ga50397a6bc (webtiles) character file.

Game seed: 7024862442870364180

395 Marnok the Poker (level 6, -2/61 HPs)
             Began as a Troll Berserker on Apr 18, 2019.
             Was a Priest of Trog.
             Killed by divine providence
             ... invoked by an orc priest
              (16 damage)
             ... on level 4 of the Dungeon.
             The game lasted 00:08:48 (2773 turns).

Marnok the Poker (Troll Berserker)                  Turns: 2773, Time: 00:08:48

Health: -2/61      AC:  9    Str: 27    XL:     6   Next: 52%
Magic:  5/5        EV: 11    Int:  3    God:    Trog [***...]
Gold:   111        SH:  0    Dex: 10    Spells: 5/5 levels left

rFire    + . .     SeeInvis .   a - +1 spear
rCold    . . .     Gourm    +   (no shield)
rNeg     . . .     Faith    .   b - +1 animal skin
rPois    .         Spirit   .   (helmet restricted)
rElec    .         Reflect  .   (no cloak)
rCorr    .         Harm     .   (gloves unavailable)
MR       .....                  (boots unavailable)
Stlth    +.........             (no amulet)
HPRegen  0.60/turn              j - ring of protection from fire
MPRegen  0.09/turn              (no ring)

@: lethally poisoned (-2 -> -10)
A: large, unfitting armour, claws 3, horns 1, iridescent scales 1, fast
metabolism 3, gourmand, regeneration 1, shaggy fur 1, tough skin 3
a: Berserk, Trog's Hand, Renounce Religion


You were on level 4 of the Dungeon.
You worshipped Trog.
Trog was most pleased with you.
You were completely stuffed.

You visited 1 branch of the dungeon, and saw 4 of its levels.

You collected 111 gold pieces.

Inventory:

Hand Weapons
 a - a +1 spear (weapon)
Missiles
 p - 7 javelins of returning (quivered)
Armour
 b - a +1 animal skin (worn)
Jewellery
 f - an uncursed ring of wizardry {unknown}
 j - a ring of protection from fire (left claw)
Scrolls
 e - a scroll of remove curse
 h - a scroll of magic mapping
Potions
 i - 3 potions of brilliance
 k - 2 potions of flight
Comestibles
 c - 9 rations


   Skills:
 + Level 3.4 Fighting
 + Level 4.3 Polearms
 + Level 3.7 Dodging
 + Level 1.2 Stealth


You had 5 spell levels left.
You didn't know any spells.
Your spell library was empty.

Dungeon Overview and Level Annotations

Branches:
Dungeon (4/15)
 Temple: D:4-7

Altars:
Wu Jian


Innate Abilities, Weirdness & Mutations

You are too large for most types of armour.
You have claws for hands.
Your metabolism is lightning-fast.
You like to eat raw meat.
Your natural rate of healing is unusually fast.
You are covered in fur. (AC +1)
You have extremely tough skin. (AC +3)
You have a pair of small horns on your head.
You are partially covered in iridescent scales. (AC +2)


Message History

Things that are here:
an orc corpse; a worker ant corpse You feel very sick.
The orc hits you but does no damage.
The orc priest hits you but does no damage.
You hit the orc priest.
The orc priest is heavily wounded.
You feel sick. The orc hits you with a +0 dagger.
Something hits you but does no damage.
You are more poisoned.
The orc priest invokes the aid of Beogh against you.
Beogh smites you!
Okay, then.
You feel very sick.
You feel sick.
You feel sick.
You feel sick.
The orc priest mumbles some strange prayers to Beogh against you.
Beogh smites you!
You die...

.. #...# #...# #.#...
..##...###...### ######
.........#...#.## ....
....%....'...'..## ....
.......#...#...## .... ##
#...###..#....### ###.
#..###...###..##.....#######.
#.?...?...o....#.....#.......
#.........o.@..'.....#.......
#...##....##...#.....#####...
#.. ##†####...#.........##'#
#. #.)..##...#.........)...
#.........'....'.............
#.........###'##.............
#...####### .....#######....
#'## .....# #.... #. .....
#....


You could see an orc priest and an orc.

Vanquished Creatures
  An ogre (D:4)
  A scorpion (D:4)
  An orc priest (D:4)
  A centaur skeleton (D:4)
  An orc wizard (D:4)
  3 worker ants (D:4)
  3 adders
  An adder skeleton (D:4)
  3 leopard geckos (D:2)
  8 orcs (D:4)
  2 ball pythons
  8 giant cockroaches
  6 goblins
  8 hobgoblins
  2 jackals (D:3)
  7 kobolds
  3 quokkas (D:2)
  4 bats
  2 frilled lizards
  7 rats
72 creatures vanquished.

Notes
Turn   | Place    | Note
-------+----------+-------------------------------------------
     0 | D:1      | Marnok the Troll Berserker began the quest for the Orb.
     0 | D:1      | Reached XP level 1. HP: 22/22 MP: 0/0
   168 | D:1      | Reached XP level 2. HP: 29/29 MP: 1/1
   983 | D:2      | Reached XP level 3. HP: 35/36 MP: 2/2
  1025 | D:2      | Reached ** piety under Trog
  1059 | D:2      | Reached skill level 3 in Polearms
  1618 | D:3      | Reached XP level 4. HP: 39/45 MP: 3/3
  1948 | D:3      | Found an ornate altar of the Wu Jian Council.
  2295 | D:3      | Gained mutation: You are partially covered in iridescent
                  | scales. (AC +2) [potion of mutation]
  2295 | D:3      | Gained mutation: You have a pair of small horns on your
                  | head. [potion of mutation]
  2373 | D:4      | Reached XP level 5. HP: 39/53 MP: 4/4
  2660 | D:4      | Reached skill level 4 in Polearms
  2660 | D:4      | Reached skill level 1 in Stealth
  2677 | D:4      | Noticed an ogre
  2681 | D:4      | Killed an ogre
  2681 | D:4      | Reached XP level 6. HP: 61/61 MP: 5/5
  2756 | D:4      | Reached *** piety under Trog
  2773 | D:4      | Killed from afar by an orc priest

Skill      XL: |  1  2  3  4  5 |
---------------+----------------+-----
Polearms       | 3 4 |  4.3
Fighting       | 3 |  3.4
Dodging        | 3 |  3.7
Stealth        | 1 |  1.2

Action                   |  1- 3 |  4- 6 || total
-------------------------+-------+-------++-------
Melee: Spear             |   192 |   125 ||   317
       Headbutt          |       |    19 ||    19
  Use: Scroll            |       |     8 ||     8
       Potion            |       |     2 ||     2
 Stab: Invisible         |       |     2 ||     2
       Sleeping          |       |     1 ||     1
  Eat: Chunk             |    18 |    13 ||    31
Armor: Animal skin       |    86 |    50 ||   136
Dodge: Dodged            |    89 |    53 ||   142
